 Dungeon Crawl Stone Soup version 0.30-a0-726-gd89dcf765f (webtiles) character file.

Game seed: 249984786562301885

102828 Shayle the Fighter (level 16, -7/91 HPs)
             Began as a Tengu Brigand on Jan 29, 2023.
             Was a High Priest of Hepliaklqana.
             Mangled by a phantasmal warrior (17 damage)
             ... led by a death knight
             ... on level 14 of the Dungeon.
             The game lasted 01:45:21 (22299 turns).

Shayle the Fighter (Tengu Brigand)                 Turns: 22299, Time: 01:45:22

Health: -7/91      AC: 15    Str: 11    XL:     16   Next: 34%
Magic:  23/26      EV: 16    Int: 18    God:    Hepliaklqana [*****.]
Gold:   1152       SH:  6    Dex: 18    Spells: 16/27 levels left

rFire   + . .      SeeInvis .    e - +2 rapier of the Moon {freeze, Fly rElec}
rCold   + + .      Faith    .    t - +0 buckler
rNeg    + . .      Spirit   .    R - +0 leather armour {rF+}
rPois   .          Reflect  .    (helmet restricted)
rElec   +          Harm     .    C - +2 cloak {rCorr}
rCorr   +          Rampage  .    l - +2 pair of gloves
Will    .....                    (boots unavailable)
Stlth   +++++                    X - amulet of regeneration
HPRegen 1.15/turn                f - +4 ring of protection
MPRegen 0.20/turn                A - ring of Totunlit {rC++ rN+}

@: weak-willed, flying quickly and evasively, studying Throwing, quick
A: reduced essence, beak, talons 3, nimble flight
a: Renounce Religion, Recall Ancestor, Ancestor Identity, Transference, Idealise


You were on level 14 of the Dungeon.
You worshipped Hepliaklqana.
Hepliaklqana was extremely pleased with you.
You visited 4 branches of the dungeon, and saw 22 of its levels.
You also visited: Sewer, Bailey, Gauntlet and Volcano.

You collected 2442 gold pieces.
You spent 1290 gold pieces at shops.

Inventory:

Hand Weapons
 e - the +2 rapier of the Moon (weapon) {freeze, Fly rElec}
   (You acquired it on level 6 of the Dungeon)

   rElec:     It insulates you from electricity.
   Fly:       It grants you flight.
 M - a +4 scimitar of flaming
 U - the +12 shortbow of Uskayaw, Mashing {antimagic, rF- rN+ Int+3 Dex+2}
   (You found it in a Gauntlet)

   Int:       It affects your intelligence (+3).
   Dex:       It affects your dexterity (+2).
   rF:        It makes you vulnerable to fire.
   rN:        It protects you from negative energy.
 W - the +8 hand axe of Wyrd {speed, rF+ Will+}
   (You found it in a Gauntlet)

   rF:        It protects you from fire.
   Will:      It increases your willpower.
Missiles
 d - 31 poisoned darts (quivered)
 g - 3 atropa-tipped darts
Armour
 l - a +2 pair of gloves (worn)
 t - a +0 buckler (worn)
 C - a +2 cloak of preservation (worn)
 I - +1 acid dragon scales
 R - a +0 leather armour of fire resistance (worn)
 V - the +1 cloak of Experimentation {Str+6}
   (You found it in a Gauntlet)

   Str:       It affects your strength (+6).
Jewellery
 f - a +4 ring of protection (left hand)
 q - a ring of resist corrosion
 v - the ring of the Lion {rN+ EV+5}
   (You found it on level 4 of the Dungeon)

   [ring of evasion]

   EV:        It affects your evasion (+5).
   rN:        It protects you from negative energy.
 A - the ring of Totunlit (right hand) {rC++ rN+}
   (You bought it in a shop on level 2 of the Orcish Mines)

   [ring of positive energy]

   rC:        It greatly protects you from cold.
   rN:        It protects you from negative energy.
 H - the ring "Gannuw" {Wiz Will+}
   (You acquired it on level 13 of the Dungeon)

   [ring of wizardry]

   It improves your spell success rate.
   Will:      It increases your willpower.
 K - a +6 ring of strength
 T - a ring of protection from fire
 X - an amulet of regeneration (around neck)
 Y - the ring of Ocliad {rC+ MP+9 Str+2}
   (You found it in a Gauntlet)

   [ring of magical power]

   Str:       It affects your strength (+2).
   rC:        It protects you from cold.
   MP:        It affects your magic capacity (+9).
Wands
 E - a wand of paralysis (6)
 F - a wand of iceblast (7)
 N - a wand of flame (24)
Scrolls
 c - a scroll of amnesia
 u - 5 scrolls of teleportation
 x - 3 scrolls of fog
 D - 4 scrolls of poison
 J - 4 scrolls of immolation
Potions
 a - 2 potions of haste {unknown}
 h - 6 potions of mutation
 k - 2 potions of might
 m - 5 potions of lignification
 n - 3 potions of heal wounds
 o - 5 potions of curing
 p - 2 potions of attraction
 r - a potion of invisibility
 s - 2 potions of resistance {unknown}
 w - 3 potions of cancellation
 z - 2 potions of brilliance
 B - a potion of degeneration {unknown}
 G - 4 potions of magic
 O - 2 potions of ambrosia
 P - 3 potions of berserk rage
Miscellaneous
 j - a condenser vane (inert)
 Z - a phial of floods


   Skills:
 + Level 12.3 Fighting
 - Level 10.0 Short Blades
 - Level 2.0 Throwing
 + Level 12.1 Armour
 - Level 5.0 Dodging
 - Level 11.1 Stealth
 - Level 6.3 Shields
 - Level 6.3 Spellcasting
 - Level 3.2 Conjurations
 + Level 7.1 Hexes
 - Level 9.1 Air Magic
 - Level 6.3 Poison Magic
 + Level 11.0 Invocations


You had 16 spell levels left.
You knew the following spells:

 Your Spells              Type           Power      Damage    Failure   Level
a - Mephitic Cloud        Conj/Pois/Air  28%        N/A       4%          3
b - Blink                 Tloc           10%        N/A       28%         2
c - Ensorcelled Hibernat  Hex/Ice        36%        N/A       6%          2
d - Cause Fear            Hex            15%        N/A       10%         4

Your spell library contained the following spells:

 Spells                   Type           Power      Damage    Failure   Level
 Foxfire                  Conj/Fire      44%        2x1d6     10%         1
 Momentum Strike          Conj/Tloc      22%        3d8       14%         2
 Olgreb's Toxic Radiance  Pois           28%        N/A       14%         4
 Kindle Blastsparks       Fire/Tloc/Air  32%        2d12      16%         3
 Spider Form              Tmut/Pois      17%        N/A       16%         3
 Necrotise                Necr           20%        1d5       19%         1
 Fulminant Prism          Conj/Hex       12%        3d9       22%         4
 Lesser Beckoning         Tloc           10%        N/A       28%         2
 Anguish                  Hex/Necr       9%         N/A       38%         4
 Iskenderun's Mystic Bla  Conj/Tloc      11%        2d4       67%         4
 Iskenderun's Battlesphe  Conj           17%        2d7       78%         5
 Dispel Undead            Necr           5%         3d7       88%         4
 Manifold Assault         Tloc           5%         N/A       88%         4
 Fireball                 Conj/Fire      5%         3d5       95%         5
 Lee's Rapid Deconstruct  Erth           2%         3d5*      99%         5
 Iron Shot                Conj/Erth      5%         9d2       100%        6
 Starburst                Conj/Fire      5%         6d4       100%        6
 Dragon Form              Tmut           2%         N/A       100%        7
 Ozocubu's Refrigeration  Ice            2%         4d8       100%        7
 Spellforged Servitor     Conj/Summ      5%         N/A       100%        7
 Storm Form               Tmut/Air       11%        N/A       100%        7
 Ignition                 Fire           2%         3d3       100%        8
 Dragon's Call            Summ           2%         N/A       100%        9


Dungeon Overview and Level Annotations

Branches:
Dungeon (14/15)            Temple (1/1) D:6            Lair (5/5) D:10
  Swamp (0/4) Lair:3        Snake (0/4) Lair:2        Slime (0/5) Lair:4
    Orc (2/2) D:9             Elf (0/3) Orc:2         Sewer (visited)
 Bailey (visited)         Volcano (visited)         Gauntlet (visited)
 Vaults: D:13-14

Altars:
Cheibriados
Fedhas
Gozag
Hepliaklqana
Kikubaaqudgha
Makhleb
Nemelex Xobeh
Okawaru
Qazlal
Sif Muna
Trog
Vehumet
Xom
Yredelemnul
The Shining One
Lugonu

Shops:
Orc:2 (!?[(=

Portals:
Abyss: Lair:5

Annotations:
D:10 3 runed translucent doors, hikkokomori's ghost, journeyman VSFi
D:14 Rupert
Lair:4 1 runed translucent door


Innate Abilities, Weirdness & Mutations

Your life essence is reduced to manifest your ancestor. (-10% HP)
You have a beak for a mouth.
You have claws for feet.
Your magical nature lets you fly swiftly and evasively.


Message History

You claw the phantasmal warrior, but do no damage.
The phantasmal warrior is heavily damaged.
The phantasmal warrior closely misses you.
You puncture the phantasmal warrior! You freeze the phantasmal warrior.
You claw the phantasmal warrior, but do no damage.
You peck the phantasmal warrior, but do no damage.
The phantasmal warrior is severely damaged.
The phantasmal warrior hits you!
You hit the phantasmal warrior. You freeze the phantasmal warrior.
You claw the phantasmal warrior, but do no damage.
Your peck misses the phantasmal warrior.
The phantasmal warrior is almost destroyed.
The phantasmal warrior hits you!
A seven-headed hydra comes into view.
The phantasmal warrior hits you!
* * * LOW HITPOINT WARNING * * *
You fly downwards.
There is a stone staircase leading up here.
You hit the phantasmal warrior but do no damage.
Your kick misses the phantasmal warrior.
The phantasmal warrior is almost destroyed.
You completely miss the phantasmal warrior.
You claw the phantasmal warrior.
You peck the phantasmal warrior, but do no damage.
The phantasmal warrior is almost destroyed.
The phantasmal warrior hits you.
* * * LOW HITPOINT WARNING * * *
You feel much better. The phantasmal warrior hits you!!
* * * LOW HITPOINT WARNING * * *
Your willpower is stripped away!
You hit the phantasmal warrior but do no damage.
You claw the phantasmal warrior, but do no damage.
The phantasmal warrior is almost destroyed.
Rupert shouts!
The phantasmal warrior hits you!
* * * LOW HITPOINT WARNING * * *
You hit the phantasmal warrior but do no damage.
The phantasmal warrior is almost destroyed.
The phantasmal warrior hits you!
You die...

........#
........#
.......@#
........#
......#
#....#
#..W.#
#...@#
######


You could see Rupert and a phantasmal warrior.

Vanquished Creatures
  A stone giant (Volcano)
  An ettin (Orc:1)
  Erolcha (D:12)
  3 hydras
  An ogre mage (D:11)
  A centaur warrior (D:13)
  2 boulder beetles
  A catoblepas (Lair:5)
  8 two-headed ogres
  A death yak (Lair:3)
  A death knight (D:13)
  4 thrashing horrors (Lair:5)
  Urug (Orc:1)
  Pikel (D:7)
  6 orc knights
  2 deep elf pyromancers (D:13)
  3 manticores
  An ugly thing (D:13)
  4 orc sorcerers
  4 cyclopes
  A moth of wrath (shapeshifter) (Lair:5)
  12 elephants
  5 black mambas
  A molten gargoyle (Volcano)
  Maurice (D:9)
  A smoke demon (Lair:5)
  A torpor snail (Lair:4)
  7 cane toads
  A gargoyle (Volcano)
  Maggie (D:7)
  8 komodo dragons
  2 rime drakes (Lair:4)
  A rime drake (shapeshifter) (D:13)
  Psyche (D:12)
  An efreet (Volcano)
  2 ancient zymes (Lair:5)
  An ice devil (Lair:4)
  A tengu conjurer (D:13)
  3 polar bears
  2 meliai (D:13)
  4 trolls
  A hornet (D:9)
  25 blink frogs
  5 saltlings (Orc:2)
  A tarantella (shapeshifter) (D:13)
  6 dream sheep
  3 centaur simulacra
  A large abomination (Lair:5)
  A spriggan (Lair:5)
  12 flying skulls (Gauntlet)
  A vampire (D:12)
  71 yaks
  4 wraiths
  2 wyverns
  2 fire bats (Volcano)
  6 basilisks
  A golden eye (shapeshifter) (Lair:5)
  6 vampire mosquitoes (D:12)
  A steam dragon (D:8)
  2 wargs
  A death yak simulacrum (Lair:4)
  3 swamp worms (Lair:4)
  A harpy simulacrum (Lair:4)
  3 acid dragons
  A water moccasin (shapeshifter) (Lair:5)
  11 water moccasins
  6 small abominations (Lair:5)
  23 orc warriors
  2 sky beasts
  2 black bears
  A boggart (Gauntlet)
  An ice dragon simulacrum (Gauntlet)
  7 centaurs
  9 wolves
  5 ogres (Orc:2)
  A phantom (D:6)
  2 kobold brigands (D:8)
  An earth elemental (Volcano)
  A necrophage (D:6)
  8 bullfrogs
  A two-headed ogre simulacrum (Lair:4)
  3 scorpions
  3 killer bees (D:8)
  2 electric eels (D:10)
  3 lava snakes (Volcano)
  10 howler monkeys
  6 hounds
  Crazy Yiuf (D:7)
  A jelly (D:5)
  10 orc priests
  3 iguanas
  Terence (D:2)
  3 hell rats (Lair:3)
  12 orc wizards
  A polar bear simulacrum (Lair:4)
  A troll simulacrum (Lair:4)
  14 gnolls
  9 adders
  A naga simulacrum (Lair:4)
  3 ufetubi
  A worm (D:5)
  A dart slug (D:5)
  73 orcs
  7 bats
  12 endoplasms
  8 giant cockroaches
  6 goblins
  9 hobgoblins
  3 jackals (D:1)
  15 quokkas
  12 ball pythons
  11 frilled lizards
  15 kobolds
  4 rats (D:3)
  A spectral orc (D:7)
  30 pillars of salt (Orc:2)
640 creatures vanquished.

Vanquished Creatures (collateral kills)
  A minotaur (Gauntlet)
  A great orb of eyes (D:13)
  2 hydras (Lair:3)
  A centaur warrior (D:13)
  A two-headed ogre (D:11)
  An orc high priest (Orc:2)
  A bog body (Lair:3)
  2 ugly things (Lair:5)
  2 orc knights (Orc:2)
  A manticore (D:13)
  2 orc sorcerers
  2 cyclopes (Orc:2)
  A worldbinder (Gauntlet)
  9 elephants
  A black mamba (Lair:5)
  A smoke demon (Lair:5)
  2 rime drakes (Lair:4)
  A gargoyle (Volcano)
  3 cane toads
  An ice devil (Lair:4)
  3 trolls
  A meliai (D:13)
  A polar bear (Lair:4)
  11 blink frogs
  6 dream sheep (Lair:4)
  A flying skull (Gauntlet)
  A centaur simulacrum (D:13)
  A wraith (D:13)
  3 wyverns
  A ynoxinul (Lair:5)
  22 yaks
  A steam dragon (D:9)
  3 basilisks
  A fire elemental (Volcano)
  A vampire mosquito (D:12)
  2 small abominations (Lair:5)
  2 acid dragons (D:9)
  2 water moccasins
  4 orc warriors
  A black bear (Lair:4)
  A boggart (Gauntlet)
  2 ogres
  6 wolves (Lair:1)
  A centaur (D:11)
  A bullfrog (Lair:2)
  An earth elemental (Volcano)
  A killer bee (D:8)
  2 electric eels (D:10)
  3 orc priests
  A hound (D:10)
  4 orc wizards
  2 hell rats (Lair:3)
  A troll simulacrum (Lair:4)
  A wolf simulacrum (Lair:4)
  14 orcs
  A kobold (D:8)
146 creatures vanquished.

Vanquished Creatures (others)
  An unseen horror (shapeshifter) (D:13)
  A hound (D:10)
  18 hexers
  28 fungi
  42 plants
  5 withered plants (Gauntlet)
95 creatures vanquished.

Grand Total: 881 creatures vanquished

Notes
Turn   | Place    | Note
-------+----------+-------------------------------------------
     0 | D:1      | Shayle the Tengu Brigand began the quest for the Orb.
     0 | D:1      | Reached XP level 1. HP: 12/12 MP: 2/2
   122 | D:1      | Reached XP level 2. HP: 17/17 MP: 1/3
   314 | D:1      | Reached XP level 3. HP: 19/21 MP: 1/4
   956 | D:2      | Reached XP level 4. HP: 27/27 MP: 1/5
  1307 | D:2      | Reached skill level 5 in Stealth
  1413 | D:2      | Identified the +2 pair of boots of Gallantry {rPois Will++}
  1485 | D:2      | Noticed Terence
  1494 | D:2      | Killed Terence
  1495 | D:2      | Gained mutation: Your magical nature lets you fly swiftly
                  | and evasively. [Tengu growth]
  1495 | D:2      | Reached XP level 5. HP: 32/32 MP: 2/6
  1725 | D:3      | Found a glowing drain.
  1729 | Sewer    | Entered a sewer
  2020 | Sewer    | Reached XP level 6. HP: 37/37 MP: 2/7
  2345 | D:3      | Found a sparkling altar of Nemelex Xobeh.
  2481 | D:3      | Found a radiant altar of Vehumet.
  2810 | D:4      | Noticed a black bear
  2814 | D:4      | Killed a black bear
  2815 | D:4      | Reached XP level 7. HP: 42/42 MP: 8/8
  2852 | D:4      | Identified the ring of the Lion {rN+ EV+5}
  2922 | D:4      | Got the Opusculum on Virous Despair
  2927 | D:4      | Learned a level 3 spell: Mephitic Cloud
  3250 | D:4      | Reached skill level 1 in Air Magic
  3286 | D:4      | Found an opulent altar of Gozag.
  3412 | D:5      | Entered Level 5 of the Dungeon
  3429 | D:5      | Reached skill level 1 in Poison Magic
  3879 | D:6      | Found a blossoming altar of Fedhas.
  3938 | D:6      | Noticed a two-headed ogre
  3966 | D:6      | Killed a two-headed ogre
  3967 | D:6      | Reached skill level 5 in Short Blades
  3967 | D:6      | Reached XP level 8. HP: 18/48 MP: 9/9
  4123 | D:6      | Identified a scroll of acquirement
  4123 | D:6      | Acquired the +2 rapier of the Moon {freeze, Fly rElec}
  4127 | D:6      | Found a staircase to the Ecumenical Temple.
  4150 | Temple   | Entered the Ecumenical Temple
  4162 | Temple   | Became a worshipper of Hepliaklqana the Forgotten
  4357 | D:6      | Reached XP level 9. HP: 52/53 MP: 10/10
  4421 | D:6      | Reached skill level 1 in Invocations
  4529 | D:6      | Reached skill level 5 in Fighting
  4747 | D:7      | Reached * piety under Hepliaklqana
  4843 | D:7      | Found a runed translucent door.
  4844 | D:7      | Noticed Crazy Yiuf
  4897 | D:7      | Noticed Maggie
  4905 | D:7      | Killed Maggie
  4906 | D:7      | Reached skill level 5 in Dodging
  5078 | D:7      | Found a burning altar of Makhleb.
  5100 | D:7      | Found a bloodstained altar of Trog.
  5159 | D:7      | Found a basalt altar of Yredelemnul.
  5200 | D:7      | Noticed Pikel
  5208 | D:7      | Killed Pikel
  5209 | D:7      | Reached skill level 1 in Armour
  5209 | D:7      | Reached skill level 5 in Air Magic
  5318 | D:7      | Killed Crazy Yiuf
  5404 | D:8      | Found a flagged portal.
  5424 | Bailey   | Entered a bailey
  5541 | Bailey   | Reached XP level 10. HP: 49/54 MP: 8/12
  5565 | Bailey   | Reached ** piety under Hepliaklqana
  5566 | Bailey   | Remembered your ancestor Anedjib as a hexer
  5674 | Bailey   | Reached skill level 5 in Poison Magic
  5674 | Bailey   | Reached skill level 5 in Invocations
  5674 | Bailey   | Reached XP level 11. HP: 60/60 MP: 13/16
  5694 | Bailey   | Noticed an orc knight
  5710 | Bailey   | Killed an orc knight
  5711 | Bailey   | Reached skill level 5 in Armour
  6748 | D:9      | Noticed a two-headed ogre
  6813 | D:9      | Noticed Maurice
  6826 | D:9      | Killed Maurice
  6891 | D:9      | Reached skill level 10 in Stealth
  7016 | D:9      | Found a staircase to the Orcish Mines.
  7114 | D:10     | Entered Level 10 of the Dungeon
  7506 | D:10     | Found a runed translucent gate.
  7506 | D:10     | Found a runed translucent gate.
  7506 | D:10     | Found a runed translucent gate.
  7507 | D:10     | Noticed hikkokomori's ghost (journeyman VSFi)
  7536 | D:10     | Reached *** piety under Hepliaklqana
  7732 | D:9      | Reached skill level 1 in Conjurations
  8187 | D:9      | Reached skill level 1 in Shields
  8311 | D:9      | Noticed a two-headed ogre
  8321 | D:9      | Killed a two-headed ogre
  8322 | D:9      | Reached XP level 12. HP: 63/65 MP: 14/17
  8801 | D:9      | Killed a two-headed ogre
  8937 | D:10     | Found a staircase to the Lair.
  9239 | Lair:1   | Entered Level 1 of the Lair of Beasts
  9533 | Lair:1   | Learned a level 2 spell: Blink
  9536 | Lair:1   | Learned a level 2 spell: Ensorcelled Hibernation
  9541 | Lair:1   | Learned a level 4 spell: Cause Fear
  9840 | Lair:1   | Reached **** piety under Hepliaklqana
 10010 | Lair:1   | Reached skill level 1 in Hexes
 10229 | Lair:2   | Found a staircase to the Snake Pit.
 10496 | Lair:2   | Noticed a boulder beetle
 10524 | Lair:2   | Killed a boulder beetle
 10610 | Lair:2   | Found a dark tunnel.
 10633 | Volcano  | Entered a volcano
 10873 | Volcano  | Found a bloodstained altar of Trog.
 10899 | Volcano  | Reached XP level 13. HP: 31/71 MP: 13/20
 10902 | Volcano  | Noticed a stone giant
 11090 | Volcano  | Killed a stone giant
 12885 | Lair:3   | Reached skill level 5 in Spellcasting
 12889 | Lair:3   | Found a staircase to the Swamp.
 13350 | Lair:3   | Reached skill level 5 in Shields
 13777 | Lair:4   | Found a gate leading to a gauntlet.
 13795 | Gauntlet | Entered a Gauntlet
 13795 | Gauntlet | Found a large runed translucent door.
 13795 | Gauntlet | Found a large runed translucent door.
 13795 | Gauntlet | Found a large runed translucent door.
 13795 | Gauntlet | Found a large runed translucent door.
 13795 | Gauntlet | Found a runed translucent door.
 13795 | Gauntlet | Found a large runed translucent door.
 13795 | Gauntlet | Found a large runed translucent door.
 13795 | Gauntlet | Found a transporter.
 13795 | Gauntlet | Found a transporter.
 13795 | Gauntlet | Found a large runed translucent door.
 13795 | Gauntlet | Found a large runed translucent door.
 13795 | Gauntlet | Reached ***** piety under Hepliaklqana
 13795 | Gauntlet | Found a runed translucent gate.
 13795 | Gauntlet | Found a runed translucent gate.
 13795 | Gauntlet | Found a transporter.
 13813 | Gauntlet | Found a transporter.
 13815 | Gauntlet | Found a transporter.
 13825 | Gauntlet | Found a transporter.
 13829 | Gauntlet | Found a transporter.
 13853 | Gauntlet | Found a transporter.
 13864 | Gauntlet | Found a transporter.
 13887 | Gauntlet | Found a transporter.
 13891 | Gauntlet | Found a transporter.
 13905 | Gauntlet | Found a transporter.
 13909 | Gauntlet | Found a runed translucent gate.
 13911 | Gauntlet | Found a large runed translucent door.
 13911 | Gauntlet | Found a large runed translucent door.
 13912 | Gauntlet | Found a large runed translucent door.
 13914 | Gauntlet | Found a large runed translucent door.
 13915 | Gauntlet | Found a runed translucent door.
 13926 | Gauntlet | Found a large runed translucent door.
 13926 | Gauntlet | Found a large runed translucent door.
 13927 | Gauntlet | Found a large runed translucent door.
 13928 | Gauntlet | Found a large runed translucent door.
 13965 | Gauntlet | Identified the +12 shortbow of Uskayaw, Mashing {antimagic,
                  | rF- rN+ Int+3 Dex+2}
 13967 | Gauntlet | Identified the +1 cloak of Experimentation {Str+6}
 14055 | Gauntlet | Identified the +8 hand axe of Wyrd {speed, rF+ Will+}
 14202 | Gauntlet | Reached XP level 14. HP: 77/77 MP: 23/23
 14305 | Gauntlet | Identified the ring of Ocliad {rC+ MP+9 Str+2}
 16121 | Lair:4   | Reached skill level 10 in Short Blades
 16123 | Lair:4   | Reached skill level 10 in Fighting
 16168 | Lair:4   | Found a runed translucent door.
 16169 | Lair:4   | Found a staircase to the Slime Pits.
 16516 | Lair:5   | Entered Level 5 of the Lair of Beasts
 17279 | Lair:5   | Reached skill level 5 in Hexes
 17284 | Lair:5   | Reached XP level 15. HP: 83/83 MP: 25/25
 17358 | Lair:5   | Reached skill level 10 in Armour
 18194 | Lair:5   | Found a corrupted altar of Lugonu.
 18194 | Lair:5   | Found a one-way gate to the infinite horrors of the Abyss.
 18369 | Orc:1    | Entered Level 1 of the Orcish Mines
 18373 | Orc:1    | Found an iron altar of Okawaru.
 18431 | Orc:1    | Paralysed by an orc sorcerer for 3 turns
 18657 | Orc:2    | Entered Level 2 of the Orcish Mines
 18657 | Orc:2    | Found a staircase to the Elven Halls.
 18717 | Orc:2    | Found Ocuuffav's Weapon Emporium.
 18868 | Orc:2    | Found Ranecaha's Distillery.
 18935 | Orc:2    | Bought a potion of magic for 104 gold pieces
 18935 | Orc:2    | Bought 2 potions of heal wounds for 130 gold pieces
 19090 | Orc:2    | Reached skill level 10 in Invocations
 19334 | Orc:2    | Found Ropre's Magic Scroll Shop.
 19342 | Orc:2    | Bought 2 scrolls of poison for 128 gold pieces
 19342 | Orc:2    | Bought a scroll of teleportation for 48 gold pieces
 19342 | Orc:2    | Bought a scroll of teleportation for 48 gold pieces
 19342 | Orc:2    | Bought a scroll of enchant armour for 120 gold pieces
 19424 | Orc:2    | Found Hefalu's Antique Weapon Shoppe.
 19426 | Orc:2    | Found Melemecou's Armour Shoppe.
 19448 | Orc:2    | Found Reammass's Jewellery Shoppe.
 19517 | Orc:2    | Bought the ring of Totunlit {rC++ rN+} for 712 gold pieces
 19744 | Orc:1    | Noticed Urug
 19753 | Orc:1    | Killed Urug
 20147 | Orc:1    | You are sucked into a shaft and drop 1 floor!
 20880 | D:11     | Reached XP level 16. HP: 90/90 MP: 23/26
 21059 | D:12     | Noticed Psyche
 21072 | D:12     | Killed Psyche
 21379 | D:12     | Noticed Erolcha
 21395 | D:12     | Killed Erolcha
 21851 | D:13     | Acquired the ring "Gannuw" {Wiz Will+}
 21923 | D:13     | Found a radiant altar of Vehumet.
 22294 | D:14     | Noticed Rupert
 22299 | D:14     | Mangled by a phantasmal warrior

Illustrated notes

Levels and vault maps discovered:
D:1:      reono_arrival_forest_river, layout_basic, serial_rivers,
          chequers_serial_rivers_micro_a, chequers_serial_rivers_small_3,
          chequers_serial_rivers_micro_b, chequers_serial_rivers_marsh,
          chequers_serial_rivers_small_a, minmay_misc_feat_square,
          minmay_worlds_worst_comb
D:2:      layout_loops_ring, uniq_terence
D:3:      layout_loops_cross, old_standard_altar, nemelex_diamond_rough_becter,
          gup_sewer_entry_bowl, minmay_misc_feat_pillars
D:4:      layout_basic, nicolae_overflow_crystal_walls
D:5:      layout_basic
D:6:      layout_rooms, fedhas_altar_1, minmay_temple_entry_overgrown,
          nrook_uturn
D:7:      layout_basic, yredelemnul_forgotten_temple_becter,
          mainiacjoe_overflow_big_doors, chequers_serial_rivers_small_a,
          grunt_ministairs_4, minmay_misc_feat_cross, uniq_crazy_yiuf_cottage,
          uniq_pikel, uniq_maggie
D:8:      layout_loops_ring, enter_bailey_6, minmay_misc_feat_secret_circle
D:9:      layout_loops_ring, minmay_orc_entry_temple_small, uniq_maurice
D:10:     layout_small_grid, erik_lair_island, gammafunk_ghost_necromancy
D:11:     layout_basic
D:12:     layout_loops_ring, serial_glass, glass_columns_a, glass_columns_a,
          glass_columns_a, glass_columns_a, glass_columns_a, glass_columns_b,
          glass_columns_a, glass_columns_b, uniq_erolcha, uniq_psyche
D:13:     minmay_the_grid_octo_tiled_octocenter
          [minmay_the_grid_octo_vomiting_pacman, minmay_the_grid_octo_teeth,
          minmay_the_grid_octo_tetromino_candy, minmay_the_grid_octo_checkered,
          minmay_the_grid_octo_prize_star, minmay_the_grid_square_5x5_six,
          minmay_the_grid_square_5x5_inner_v, minmay_the_grid_square_5x5_slash,
          minmay_the_grid_square_5x5_eight], layout_gridville
D:14:     layout_grid_maze, erik_vaults_2, serial_shops, nicolae_lakefront_shop,
          uniq_rupert
Temple:   hellmonk_temple_of_storms
Lair:1:   layout_regular_city, grunt_megastairs_4
Lair:2:   layout_cave_shapes, minmay_snake_entry_six_corridors,
          lightli_volcano_entry_magma_tube, serial_rivers,
          chequers_serial_rivers_small_a, chequers_serial_rivers_micro_a,
          chequers_serial_rivers_micro_d, chequers_serial_rivers_large_b,
          chequers_serial_rivers_small_3
Lair:3:   layout_roguey, palyth_hydra_swamp_entry, serial_bayou_shore_b
Lair:4:   dreamdust_isle_of_ice, layout_regular_city, slime_entry_2,
          gauntlet_entry_generic, st_stairs_9, worms_lemuel, grunt_megastairs_3
Lair:5:   hellmonk_lair_end_abyssal_woods, layout_regular_city
Orc:1:    layout_caves, okawaru_metal_pillars_1_2, uniq_urug
Orc:2:    hellmonk_orc_salted, layout_diamond_mine, serial_shops,
          shop_fountains, shop

Skill      XL: |  1  2  3  4  5  6  7  8  9 10 11 12 13 14 15 16 |
---------------+-------------------------------------------------+-----
Dodging        | 2 3 4 5 |  5.0
Short Blades   | 3 4 5 6 7 8 9 10 | 10.0
Stealth        | 5 6 7 8 9 10 11 | 11.1
Fighting       | 3 4 5 7 8 9 10 11 12 | 12.3
Air Magic      | 3 5 7 8 9 |  9.1
Poison Magic   | 2 4 5 6 |  6.3
Invocations    | 2 5 6 7 8 9 10 11 | 11.0
Armour         | 2 4 5 7 8 9 11 12 | 12.1
Spellcasting   | 3 4 5 6 |  6.3
Conjurations   | 1 3 |  3.2
Shields        | 1 3 5 6 |  6.3
Hexes          | 1 3 5 6 7 |  7.1
Throwing       | |  2.0

Action                     |  1- 3 |  4- 6 |  7- 9 | 10-12 | 13-15 | 16-18 || total
---------------------------+-------+-------+-------+-------+-------+-------++-------
  Melee: Dagger            |     5 |       |       |       |       |       ||     5
         Hand axe          |    60 |    80 |       |       |       |       ||   140
         Kick              |     9 |    23 |    54 |   160 |   413 |    56 ||   715
         Peck              |     5 |    10 |    29 |   114 |   294 |    29 ||   481
         Short sword       |       |    47 |    70 |       |       |       ||   117
         Punch             |       |     2 |       |       |       |       ||     2
         Rapier            |       |       |   116 |   415 |  1060 |   139 ||  1730
         Scimitar          |       |       |       |       |    10 |       ||    10
  Throw: Dart              |       |    10 |    23 |     1 |       |       ||    34
   Cast: Mephitic Cloud    |       |       |     3 |     6 |    64 |    15 ||    88
         Ensorcelled Hiber |       |       |       |       |     4 |       ||     4
         Blink             |       |       |       |       |     1 |     2 ||     3
         Cause Fear        |       |       |       |       |       |     2 ||     2
 Invoke: Recall Ancestor   |       |       |     1 |     7 |    18 |     3 ||    29
         Ancestor Life: He |       |       |       |     1 |       |       ||     1
         Transference      |       |       |       |     1 |     4 |       ||     5
         Idealise          |       |       |       |     2 |     4 |     3 ||     9
  Evoke: Wand              |       |       |     2 |     9 |    20 |     2 ||    33
         Condenser vane    |       |       |       |       |     1 |     1 ||     2
         Phial of floods   |       |       |       |       |     1 |       ||     1
    Use: Potion            |       |     1 |       |     4 |     6 |     4 ||    15
         Scroll            |       |     6 |    11 |     5 |    12 |     6 ||    40
   Stab: Sleeping          |    10 |    15 |    15 |     8 |    21 |     6 ||    75
         Confused          |       |       |     3 |    25 |    69 |     8 ||   105
         Distracted        |       |       |       |     7 |    23 |     1 ||    31
         Paralysed         |       |       |       |     1 |    36 |    11 ||    48
 Armour: Robe              |    31 |    17 |    41 |    88 |       |       ||   177
         Leather armour    |       |       |       |       |   316 |    42 ||   358
  Dodge: Dodged            |    45 |    72 |   101 |   249 |   560 |   100 ||  1127
  Block: Buckler           |       |       |    16 |    64 |   237 |    30 ||   347

Table legend: (Time is in decaauts)
 A = Elapsed time spent in this place.
 B = Non-inter-level travel time spent in this place.
 C = Inter-level travel time spent in this place.
 D = Time resting spent in this place.
 E = Time spent auto-exploring this place.
 F = Levels seen in this place.
 G = Mean time per level.
                   A        B        C        D        E       F      G
               +--------+--------+--------+--------+--------+-----+--------+
         Total |  20703 |  19634 |   1069 |   3322 |   8747 |  26 |  796.3 |
       Dungeon |   9714 |   9275 |    439 |   1031 |   5221 |  14 |  693.9 |
        Temple |     21 |     11 |     10 |      0 |      4 |   1 |   21.0 |
          Lair |   7094 |   6689 |    405 |   1491 |   2613 |   5 | 1418.8 |
  Orcish Mines |   1779 |   1564 |    215 |    181 |    760 |   2 |  889.5 |
         Sewer |    314 |    314 |      0 |      0 |     35 |   1 |  314.0 |
        Bailey |    457 |    457 |      0 |    128 |    111 |   1 |  457.0 |
       Volcano |    636 |    636 |      0 |    334 |      0 |   1 |  636.0 |
      Gauntlet |    685 |    685 |      0 |    156 |      0 |   1 |  685.0 |
               +--------+--------+--------+--------+--------+-----+--------+

Top non-repeatable levels by time:
  Lair:4: 1650 daAuts
  Lair:3: 1532 daAuts
  Lair:5: 1466 daAuts
  Lair:2: 1386 daAuts
    D:10: 1279 daAuts
     D:9: 1092 daAuts
   Orc:2: 1074 daAuts
  Lair:1: 1059 daAuts
     D:1: 967 daAuts
     D:8: 854 daAuts
     D:2: 776 daAuts
    D:12: 736 daAuts
     D:7: 721 daAuts
   Orc:1: 705 daAuts
Gauntlet: 685 daAuts
